 Dungeon Crawl Stone Soup version 0.31-a0-496-g6f97920a28 (webtiles) character file.

Game seed: 5604339670833159693

57 AstroCodex24 the Shield-Bearer (level 3, 0/26 (29) HPs)
             Began as a Vampire Fighter on Aug 8, 2023.
             Slain by Ijyb
             ... wielding a +0 club
              (1 damage)
             ... on level 4 of the Dungeon.
             The game lasted 00:02:24 (381 turns).

AstroCodex24 the Shield-Bearer (Vampire Fighter)     Turns: 381, Time: 00:02:25

HP:   0/26 (29)     AC:  6    Str: 17    XL:     3   Next: 73%
MP:   3/3           EV:  9    Int: 10    God:
Gold: 61            SH:  5    Dex: 13    Spells: 2/2 levels left

rFire   . . .        a - +0 war axe
rCold   . . .        c - +0 buckler
rNeg    . . .        b - +0 scale mail
rPois   .            (no helmet)
rElec   .            (no cloak)
rCorr   .            (no gloves)
SInv    +            (no boots)
Will    .....        (no amulet) Stlth
                     (no ring)
HPRegen 0.44/turn    (no ring)
MPRegen 0.08/turn

%: no passive effects
@: healing quickly, heavily drained
A: alive, fangs 3, see invisible, vampiric 2
a: Exsanguinate


You were on level 4 of the Dungeon.
You visited 1 branch of the dungeon, and saw 4 of its levels.

You collected 61 gold pieces.

Inventory:

Hand Weapons
 a - a +0 war axe (weapon)
Armour
 b - a +0 scale mail (worn)
 c - a +0 buckler (worn)
 e - a +0 cloak
Wands
 i - a wand of charming (3)
 m - a wand of roots (4)
Scrolls
 f - a scroll of enchant weapon {unknown}
 j - a scroll of fear {unknown}
 k - a scroll of revelation {unknown}
 l - a scroll of identify {unknown}
Potions
 d - a potion of might
 g - a potion of attraction {unknown}
 h - a potion of ambrosia {unknown}


   Skills:
 + Level 3.1 Fighting
 + Level 2.1 Axes
 + Level 2.9 Armour
 + Level 3.3 Shields
 + Level 0.1 Evocations


You had 2 spell levels left.
You didn't know any spells.
Your spell library was empty.

Dungeon Overview and Level Annotations

Branches:
Dungeon (4/15)
 Temple: D:4-7

Altars:

Annotations:
D:4 Ijyb, Robin


Innate Abilities, Weirdness & Mutations

Your natural rate of healing is accelerated.
You have razor-sharp teeth.
You have supernaturally acute eyesight. (SInv)
You are afflicted with vampirism and can become a bat while bloodless.


Message History

The goblin hits your goblin with a +0 dagger.
Your goblin completely misses the goblin.
Aiming: Charm
Press: ? - help, Q - select action, (/) - cycle Shift-Dir - straight line, f - goblin, p - goblin
Aim: a goblin, wielding a +0 dagger (chance to affect: 66%)
Okay, then.
The goblin hits your goblin with a +0 dagger.
Your goblin dies!
Robin throws the goblin at you!
You see here a +0 club.
Aiming: Charm
Press: ? - help, Q - select action, (/) - cycle Shift-Dir - straight line, f - goblin, p - goblin
Aim: a goblin, wielding a +1 dagger of draining (chance to affect: 66%)
The goblin struggles to resist.
The goblin barely misses you.
Aiming: Charm
Press: ? - help, Q - select action, (/) - cycle Shift-Dir - straight line, f/p - goblin
Aim: a goblin, wielding a +1 dagger of draining (chance to affect: 66%)
The goblin struggles to resist.
The goblin closely misses you. The goblin hits you but does no damage.
You feel drained.
The goblin hits you with a +1 dagger of draining.
You feel drained.
There is a stone staircase leading up here.
The goblin hits you with a +0 dagger.
* * * LOW HITPOINT WARNING * * *
The goblin closely misses you.
You climb upwards.
There is a stone staircase leading down here.
The goblin hits you but does no damage.
You feel drained. The goblin hits you but does no damage.
You climb downwards.
Level annotation: Ijyb, Robin Ijyb screams, "It's all mine!"
Ijyb zaps a wand.
The puff of flame hits you!
* * * LOW HITPOINT WARNING * * *
There is a stone staircase leading up, spattered with blood here.
You block the goblin's attack. The goblin barely misses you.
Ijyb hits you with a +0 club.
You die...

#### ....
#g.##
#g..#
#g..#
#gg.
#.#####g#
#...g@gg#
####.#g##
#....#
#......
#....###
#.#.##
#.### #.#


You could see Ijyb and 5 goblins.

Vanquished Creatures
  A gnoll (D:3)
  2 adders
  A dart slug (D:1)
  2 ball pythons (D:1)
  2 endoplasms (D:1)
  A giant cockroach (D:1)
  A goblin (D:4)
  4 jackals (D:1)
  A quokka (D:1)
  A bat (D:2)
  A frilled lizard (D:1)
17 creatures vanquished.

Vanquished Creatures (collateral kills)
  A gnoll (D:3)
1 creature vanquished.

Vanquished Creatures (others)
  A goblin (D:4)
1 creature vanquished.

Grand Total: 19 creatures vanquished

Notes
Turn   | Place    | Note
-------+----------+-------------------------------------------
     0 | D:1      | AstroCodex24 the Vampire Fighter began the quest for the
                  | Orb.
     0 | D:1      | Reached XP level 1. HP: 17/17 MP: 1/1
   144 | D:1      | Reached XP level 2. HP: 24/24 MP: 2/2
   359 | D:3      | Gained mutation: You are afflicted with vampirism and can
                  | become a bat while bloodless. [Vampire growth]
   359 | D:3      | Reached XP level 3. HP: 7/29 MP: 3/3
   370 | D:4      | Noticed Ijyb
   371 | D:4      | Noticed Robin
   380 | D:4      | HP: 1/26 [Ijyb/puff of flame (8)]
   381 | D:4      | Slain by Ijyb

Illustrated notes

Levels and vault maps discovered:
D:1:      minmay_arrival_stone_box, layout_loops_ring
D:2:      layout_rooms
D:3:      layout_loops_ring, uniq_sigmund
D:4:      layout_loops_corners, kennysheep_diamond, uniq_ijyb, uniq_robin

Skill      XL: |  1  2  3 |
---------------+----------+-----
Fighting       | 3 |  3.1
Shields        | 3 |  3.3
Axes           | 2 |  2.1
Armour         | |  2.9
Evocations     | |  0.1

Action                     || total
---------------------------++-------
  Melee: War axe           ||    31
         Bite              ||     6
  Evoke: Wand              ||     5
 Armour: Scale mail        ||    33
  Dodge: Dodged            ||    27
  Block: Buckler           ||    12

Table legend: (Time is in decaauts)
 A = Elapsed time spent in this place.
 B = Non-inter-level travel time spent in this place.
 C = Inter-level travel time spent in this place.
 D = Time resting spent in this place.
 E = Time spent auto-exploring this place.
 F = Levels seen in this place.
 G = Mean time per level.
                   A        B        C        D        E       F      G
               +--------+--------+--------+--------+--------+-----+--------+
         Total |    395 |    370 |     25 |      0 |      0 |   4 |   98.8 |
       Dungeon |    395 |    370 |     25 |      0 |      0 |   4 |   98.8 |
               +--------+--------+--------+--------+--------+-----+--------+

Top non-repeatable levels by time:
     D:1: 254 daAuts
     D:2: 99 daAuts
     D:3: 25 daAuts
     D:4: 16 daAuts
